 Dungeon Crawl Stone Soup version 0.31-a0-986-g5e6e4ef867 (webtiles) character file.

Game seed: 4635736255679389920

666 XWhyZ the Chopper (level 7, -1/54 HPs)
             Began as a Minotaur Fighter on Nov 13, 2023.
             Was a Follower of Hepliaklqana.
             Slain by an ogre
             ... wielding a +0 giant spiked club
              (18 damage)
             ... on level 5 of the Dungeon.
             The game lasted 00:09:08 (3081 turns).

XWhyZ the Chopper (Minotaur Fighter)                Turns: 3081, Time: 00:09:08

Health: -1/54      AC:  8    Str: 23    XL:     7   Next: 31%
Magic:  6/6        EV: 10    Int:  5    God:    Hepliaklqana [*.....]
Gold:   18         SH:  5    Dex:  9    Spells: 6/6 levels left

rFire   . . .        a - +0 war axe
rCold   . . .        c - +0 buckler
rNeg    . . .        b - +0 scale mail
rPois   .            (helmet restricted)
rElec   .            t - +0 cloak
rCorr   .            (no gloves)
SInv    .            (no boots)
Will    .....        (no amulet) Stlth
                     (no ring)
HPRegen 0.29/turn    (no ring)
MPRegen 0.10/turn

%: no passive effects
@: no status effects
A: reduced essence, horns 2, retaliatory headbutt
a: Renounce Religion, Recall Ancestor, Ancestor Identity


You were on level 5 of the Dungeon.
You worshipped Hepliaklqana.
Hepliaklqana was aware of your devotion.
You visited 1 branch of the dungeon, and saw 5 of its levels.

You collected 288 gold pieces.
You spent 270 gold pieces at shops.

Inventory:

Hand Weapons
 a - a +0 war axe (weapon)
 m - a +1 short sword of venom
 u - a +0 hand axe
Armour
 b - a +0 scale mail (worn)
 c - a +0 buckler (worn)
 t - a +0 cloak (worn)
Wands
 x - a wand of iceblast (9)
Scrolls
 e - 2 scrolls of identify
 f - a scroll of amnesia
 j - a scroll of fear
 l - 2 scrolls of enchant weapon
 n - a scroll of fog
 o - 4 scrolls of teleportation
 r - a scroll of vulnerability
 s - a scroll of torment
 v - a scroll of poison {unknown}
Potions
 d - a potion of might
 g - a potion of berserk rage {unknown}
 h - 3 potions of heal wounds
 i - 3 potions of curing
 k - 2 potions of brilliance {unknown}
 p - a potion of invisibility {unknown}
 q - 2 potions of enlightenment {unknown}
 w - a potion of magic {unknown}


   Skills:
 + Level 5.1 Fighting
 + Level 6.3 Axes
 + Level 5.9 Armour
 + Level 1.6 Dodging
 + Level 0.1 Stealth
 + Level 5.4 Shields


You had 6 spell levels left.
You didn't know any spells.
Your spell library contained the following spells:

 Spells                   Type           Power      Damage    Failure   Level
 Agony                    Necr           0%         N/A       100%        5
 Fire Storm               Conj/Fire      0%         5d1       100%        9


Dungeon Overview and Level Annotations

Branches:
Dungeon (5/15)             Temple (0/1) D:5

Altars:
Hepliaklqana
Sif Muna
Xom

Shops:
D:3 ?*!

Annotations:
D:5 Pikel


Innate Abilities, Weirdness & Mutations

Your life essence is reduced to manifest your ancestor. (-10% HP)
You have a pair of horns on your head.
You reflexively headbutt those who attack you in melee.


Message History

You hit the orc wizard.
You kill the orc wizard!
You slash the orc!
You kill the orc!
The ogre hits Shiptu with a +0 giant spiked club!!
Something barely misses Shiptu.
You slash the orc priest! Your headbutt misses the orc priest.
The orc priest is severely wounded.
You feel less confused.
The orc priest hits you but does no damage.
Shiptu hits the ogre.
The ogre completely misses Shiptu.
You block the orc priest's attack.
You hit the orc priest but do no damage.
The orc priest is severely wounded.
Shiptu hits the ogre!
You block the orc priest's attack.
Shiptu hits the ogre.
You completely miss the orc priest.
The orc priest is severely wounded.
The ogre hits Shiptu with a +0 giant spiked club!!
Shiptu is destroyed!
The orc priest hits you but does no damage.
You barely miss the orc priest.
The orc priest is severely wounded.
The orc priest hits you with a +0 whip.
You slash the orc priest!
You kill the orc priest!
You hit the ogre.
The ogre hits you with a +0 giant spiked club!!
You barely miss the ogre. You headbutt the ogre.
The ogre is heavily wounded.
The ogre barely misses you.
You hit the ogre.
The ogre is heavily wounded.
The ogre completely misses you.
You hit the ogre but do no damage.
The ogre is heavily wounded.
The ogre hits you with a +0 giant spiked club!
You hit the ogre.
The ogre is severely wounded.
The ogre hits you with a +0 giant spiked club!!
You die...

#.##(# #.....#
#.##.###.....#
######.##†#.......#
##<..).......#.....#
##...>......###.....#
####............##.....#
............)...##.....#
.###...........)##.#####
5§~~...........#@..#
~~§§~.......>.gO..##
~§~§~§#.######..#.#
~§>~§~..# #....#
~~~§~~..# #...###
~~§~§..## #.).##
.~~§...# #... #...


You could see an ogre and a gnoll.

Vanquished Creatures
  A black bear (D:4)
  2 scorpions
  An orc priest (D:5)
  2 hounds (D:4)
  An iguana (D:4)
  An orc wizard (D:5)
  13 gnolls
  4 adders
  2 worms (D:2)
  2 dart slugs
  12 orcs
  6 bats
  4 endoplasms
  5 giant cockroaches
  8 goblins
  8 hobgoblins
  5 quokkas
  5 ball pythons
  3 frilled lizards (D:1)
  4 kobolds
  4 rats
93 creatures vanquished.

Vanquished Creatures (collateral kills)
  A lemure (D:5)
  A sleepcap (D:5)
  An orc wizard (D:4)
  An orc (D:5)
  2 ball pythons (D:4)
6 creatures vanquished.

Vanquished Creatures (others)
  2 ancestors (D:5)
2 creatures vanquished.

Grand Total: 101 creatures vanquished

Notes
Turn   | Place    | Note
-------+----------+-------------------------------------------
     0 | D:1      | XWhyZ the Minotaur Fighter began the quest for the Orb.
     0 | D:1      | Reached XP level 1. HP: 19/19 MP: 0/0
   129 | D:1      | Reached XP level 2. HP: 27/27 MP: 1/1
   619 | D:2      | Reached XP level 3. HP: 33/33 MP: 2/2
   755 | D:2      | Found a faded altar of an unknown god.
   901 | D:2      | Reached skill level 3 in Axes
  1093 | D:3      | Reached XP level 4. HP: 38/40 MP: 3/3
  1306 | D:3      | Found a hazy altar of Hepliaklqana.
  1307 | D:3      | Found a shimmering altar of Xom.
  1307 | D:3      | Noticed a yak
  1309 | D:3      | Noticed a spectral ugly thing
  1309 | D:3      | Noticed a yak
  1317 | D:3      | Became a worshipper of Hepliaklqana the Forgotten
  1341 | D:3      | Found Picupt's Magic Scroll Emporium.
  1349 | D:3      | Bought a scroll of fog for 40 gold pieces
  1349 | D:3      | Bought a scroll of identify for 20 gold pieces
  1349 | D:3      | Bought a scroll of teleportation for 30 gold pieces
  1352 | D:3      | Bought a scroll of identify for 20 gold pieces
  1352 | D:3      | Bought a scroll of teleportation for 30 gold pieces
  1352 | D:3      | Bought a scroll of teleportation for 30 gold pieces
  1352 | D:3      | Bought a scroll of identify for 20 gold pieces
  1365 | D:3      | Reached skill level 4 in Axes
  1397 | D:3      | Found Gyuleqo's Distillery.
  1405 | D:3      | Bought a potion of curing for 30 gold pieces
  1405 | D:3      | Found Byl Wocw's General Store.
  1587 | D:4      | Identified the "Qireg"
  1602 | D:4      | Reached XP level 5. HP: 21/47 MP: 4/4
  1748 | D:4      | Reached skill level 1 in Dodging
  1914 | D:4      | Reached skill level 5 in Shields
  1994 | D:4      | Noticed a black bear
  2015 | D:4      | Killed a black bear
  2016 | D:4      | Reached skill level 5 in Armour
  2016 | D:4      | Reached XP level 6. HP: 33/55 MP: 5/5
  2159 | D:4      | Reached skill level 5 in Axes
  2169 | D:4      | Reached * piety under Hepliaklqana
  2297 | D:4      | Found a shimmering blue altar of Sif Muna.
  2660 | D:5      | Entered Level 5 of the Dungeon
  2675 | D:5      | Reached skill level 5 in Fighting
  2675 | D:5      | Reached skill level 6 in Axes
  2675 | D:5      | Reached XP level 7. HP: 23/54 MP: 6/6
  2786 | D:5      | Noticed Pikel
  2942 | D:3      | Bought a potion of heal wounds for 50 gold pieces
  3007 | D:5      | Found a staircase to the Ecumenical Temple.
  3081 | D:5      | Slain by an ogre

Illustrated notes

Levels and vault maps discovered:
D:1:      minmay_arrival_floating_metal, layout_rooms
D:2:      layout_rooms, shapermc_ecumenical_altar_ellora
D:3:      layout_rooms, regret_index_temple_of_mockery, serial_shops, shop,
          shop, shop
D:4:      layout_loops_cross, mainiacjoe_overflow_paths
D:5:      layout_rooms, minmay_temple_entry_mist,
          mainiacjoe_sewer_entry_somewhere_in_here_1, nrook_loot_triangle,
          uniq_pikel

Skill      XL: |  1  2  3  4  5  6 |
---------------+-------------------+-----
Armour         | 4 5 |  5.9
Shields        | 4 5 |  5.4
Fighting       | 4 5 |  5.1
Axes           | 3 4 6 |  6.3
Dodging        | 1 |  1.6
Stealth        | |  0.1

Action                     |  1- 3 |  4- 6 |  7- 9 || total
---------------------------+-------+-------+-------++-------
  Melee: War axe           |    67 |   120 |    32 ||   219
         Headbutt          |    10 |    11 |     4 ||    25
    Use: Scroll            |       |     5 |       ||     5
 Armour: Scale mail        |    35 |   104 |    24 ||   163
  Dodge: Dodged            |    25 |    68 |    12 ||   105
  Block: Buckler           |    17 |    31 |     6 ||    54

Table legend: (Time is in decaauts)
 A = Elapsed time spent in this place.
 B = Non-inter-level travel time spent in this place.
 C = Inter-level travel time spent in this place.
 D = Time resting spent in this place.
 E = Time spent auto-exploring this place.
 F = Levels seen in this place.
 G = Mean time per level.
                   A        B        C        D        E       F      G
               +--------+--------+--------+--------+--------+-----+--------+
         Total |   3178 |   2984 |    194 |    169 |   2098 |   5 |  635.6 |
       Dungeon |   3178 |   2984 |    194 |    169 |   2098 |   5 |  635.6 |
               +--------+--------+--------+--------+--------+-----+--------+

Top non-repeatable levels by time:
     D:4: 1113 daAuts
     D:3: 716 daAuts
     D:1: 653 daAuts
     D:2: 461 daAuts
     D:5: 234 daAuts
